 Dungeon Crawl Stone Soup version 0.29-a0-414-g5075937ec3 (webtiles) character file.

Game seed: 11424014687432766157

4 trckry the Vexing (level 1, 0/7 HPs)
             Began as a Felid Enchanter on May 15, 2022.
             Constricted to death by a ball python (1 damage)
             ... on level 1 of the Dungeon.
             The game lasted 00:00:42 (264 turns).

trckry the Vexing (Felid Enchanter)                  Turns: 264, Time: 00:00:43

Health: 0/7        AC:  1    Str:  4    XL:     1   Next: 58%
Magic:  4/4        EV: 14    Int: 16    God:
Gold:   7          SH:  0    Dex: 16    Spells: 4/4 levels left
                                        Lives:  0   Deaths: 0

rFire   . . .      SeeInvis +     - Unarmed
rCold   . . .      Faith    .   (shield unavailable)
rNeg    . . .      Spirit   .   (body armour unavailable)
rPois   .          Reflect  .   (helmet unavailable)
rElec   .          Harm     .   (cloak unavailable)
rCorr   .          Rampage  .   (gloves unavailable)
Will    .....                   (boots unavailable)
Stlth   +++.......              (no amulet)
HPRegen 0.02/turn               (no ring)
MPRegen 0.09/turn               (no ring)

@: constricted, quick
A: very small, claws 1, fangs 3, see invisible, speed 1, shaggy fur 1, stealthy
paws, no weapons or thrown items, no armour, multi-lived
a: no special abilities


You were on level 1 of the Dungeon.
You visited 1 branch of the dungeon, and saw 1 of its levels.

You collected 7 gold pieces.

Inventory:

Scrolls
 b - a scroll of identify {unknown}
Potions
 a - 2 potions of invisibility
 c - a potion of resistance {unknown}


   Skills:
 - Level 2.6 Dodging
 - Level 4.0 Stealth
 * Level 1.3 Unarmed Combat
 - Level 2.0 Spellcasting
 * Level 4.6 Hexes


You had 4 spell levels left.
You didn't know any spells.
Your spell library contained the following spells:

 Spells                   Type           Power      Damage    Failure   Level
 Confusing Touch          Hex            16%        N/A       9%          3
 Tukima's Dance           Hex            16%        N/A       9%          3
 Ensorcelled Hibernation  Hex/Ice        18%        N/A       12%         2
 Dazzling Flash           Conj/Hex       18%        N/A       24%         3


Dungeon Overview and Level Annotations

Branches:
Dungeon (1/15)

Altars:


Innate Abilities, Weirdness & Mutations

You have sharp claws.
You have razor-sharp teeth.
You have supernaturally acute eyesight. (SInv)
You cover ground quickly. (Speed+)
You are covered in fur. (AC +1)
Your paws help you pounce on unaware monsters.
You are incapable of wielding weapons or throwing items.
You cannot wear armour.
You gain extra lives every three experience levels.


Message History

You take 1 damage, and have 4/7 hp.
You are too injured to fight recklessly!
You are too injured to fight recklessly!
You are too injured to fight recklessly!
You are too injured to fight recklessly!
You scratch the bat but do no damage. The bat closely misses you.
The bat hits you but does no damage. The bat attacks as you move away!
The bat completely misses you. The bat closely misses you.
You scratch the bat.
You kill the bat!
A ball python comes into view.
You see here a green potion.
c - a green potion You see here 7 gold pieces.
You now have 7 gold pieces.
The ball python closely misses you. The ball python misses you.
You closely miss the ball python. The ball python bites you.
* * * LOW HITPOINT WARNING * * *
The ball python misses you.
You take 3 damage, and have 1/7 hp.
MASSIVE DAMAGE!!
You barely miss the ball python.
The ball python completely misses you. x2
You scratch the ball python but do no damage.
You bite the ball python.
The ball python is moderately wounded.
The ball python barely misses you. x2
You scratch the ball python.
The ball python is heavily wounded.
The ball python closely misses you. The ball python misses you.
You barely miss the ball python. Your bite misses the ball python.
The ball python is heavily wounded.
The ball python bites you but does no damage.
The ball python misses you.
You barely miss the ball python.
You bite the ball python, but do no damage.
The ball python is moderately wounded.
The ball python closely misses you. The ball python misses you.
The ball python barely misses you. The ball python grabs you.
The ball python constricts you.
You die...

#.##......##≈≈P≈≈# .
#.##.....##≈≈≈.≈≈≈ #.
#.##.....#≈≈P.8.P≈ . #.###
#.##.....#≈≈.....≈ ..
...####.##.....8≈....... ..####
#...##.##.....+.P8.<.8P .....# #
#...##........8≈....... .....##.
#...##..#)....#≈≈.....≈ .......
###....S@.......#≈≈P.8.P≈
......###.........#.....##≈≈≈.≈≈≈
..............###.#......##≈≈P≈≈#
.^....##......# #.#.......##≈≈≈##
..........#................#####
.........##...###.###......
.........###### #.. ....##
........## #.. ....# ##..##....


You could see a ball python.

Vanquished Creatures
  A bat (D:1)
  A giant cockroach (D:1)
  A goblin (D:1)
  A frilled lizard (D:1)
4 creatures vanquished.

Notes
Turn   | Place    | Note
-------+----------+-------------------------------------------
     0 | D:1      | trckry the Felid Enchanter began the quest for the Orb.
     0 | D:1      | Reached XP level 1. HP: 7/7 MP: 4/4
   258 | D:1      | HP: 1/7 [ball python (3)]
   264 | D:1      | Constricted to death by a ball python

Illustrated notes

Levels and vault maps discovered:
D:1:      lightli_arrival_statuegarden, layout_rooms,
          shapermc_ecumenical_altar_mp_highgroup

Action                   || total
-------------------------++-------
Melee: Unarmed           ||    23
       Bite              ||     3
Armor: Skin              ||     5
Dodge: Dodged            ||    30

Table legend: (Time is in decaauts)
 A = Elapsed time spent in this place.
 B = Non-inter-level travel time spent in this place.
 C = Inter-level travel time spent in this place.
 D = Time resting spent in this place.
 E = Time spent auto-exploring this place.
 F = Levels seen in this place.
 G = Mean time per level.
                   A        B        C        D        E       F      G
               +--------+--------+--------+--------+--------+-----+--------+
         Total |    247 |    247 |      0 |      0 |    183 |   1 |  247.0 |
       Dungeon |    247 |    247 |      0 |      0 |    183 |   1 |  247.0 |
               +--------+--------+--------+--------+--------+-----+--------+

Top non-repeatable levels by time:
     D:1: 247 daAuts
